 Dungeon Crawl Stone Soup version 0.16-a0-282-ga87e286 (webtiles) character file.

2044 Ratboiler the Twirler (level 9, -9/47 HPs)
             Began as a Vine Stalker Gladiator on Aug 27, 2014.
             Was an Elder of Makhleb.
             Mangled by an orc warrior
             ... wielding a +0 glaive
              (11 damage)
             ... on Level 6 of the Dungeon.
             The game lasted 00:25:08 (4510 turns).

Ratboiler the Twirler (Vine Stalker Gladiator)      Turns: 4510, Time: 00:25:08

HP  -9/47        AC 10     Str 23      XL: 9   Next: 24%
MP   0/12        EV 10     Int  8      God: Makhleb [****..]
Gold 54          SH  0     Dex 18      Spells:  0 memorised,  8 levels left

rFire  . . .     SeeInvis +     a - +1 whip (freeze)
rCold  . . .     Clarity  .     z - +0 scale mail
rNeg   . . .     rCorr    .     (no shield)
rPois  .         rRot     +     C - +0 helmet {SInv}
rElec  .         Spirit   +     (no cloak)
SustAb .         Warding  .     I - +1 pair of gloves
rMut   +         Stasis   .     (no boots)
Gourm  .                        G - amulet of resist mutation
MR     +....                    (no ring)
                                n - ring of flight

@: mighty, flying, somewhat resistant to hostile enchantments, extremely
unstealthy
A: fangs 3, regeneration 2, magic shield, antimagic bite, no device heal 3, rot
immunity
a: Minor Destruction, Lesser Servant of Makhleb, Major Destruction, Renounce
Religion


You were on level 6 of the Dungeon.
You worshipped Makhleb.
Makhleb was greatly pleased with you.
You were not hungry.

You visited 1 branch of the dungeon, and saw 6 of its levels.
You also visited: Sewer.

You collected 180 gold pieces.
You spent 126 gold pieces at shops.

Inventory:

Hand weapons
 a - a +1 whip of freezing (weapon)
 b - a +9 blowgun
 D - a +0 quarterstaff
 J - a +4 whip
Missiles
 d - 3 throwing nets (quivered)
 t - 7 curare-tipped needles
Armour
 z - a +0 scale mail (worn)
 C - a +0 helmet of see invisible (worn)
 I - a +1 pair of gloves (worn)
Magical devices
 q - a wand of magic darts (2)
Comestibles
 f - 5 bread rations
 g - 4 fruits
 m - a meat ration
 p - a beef jerky
Scrolls
 c - a scroll of recharging {unknown}
 h - 8 scrolls of identify {unknown}
 j - a scroll of enchant armour {unknown}
 l - a scroll of fear {unknown}
 o - 3 scrolls of magic mapping {unknown}
 r - 3 scrolls of fog {unknown}
 s - 2 scrolls of blinking {unknown}
 w - 2 scrolls of random uselessness {unknown}
 y - 5 scrolls of teleportation {unknown}
 E - 2 scrolls of remove curse {unknown}
 F - a scroll of amnesia {unknown}
 H - a scroll of noise {unknown}
Jewellery
 n - a ring of flight (left hand)
 G - an amulet of resist mutation (around neck)
Potions
 e - a potion of flight
 i - 4 potions of might
 k - 2 potions of haste {unknown}
 u - 2 potions of restore abilities {unknown}
 v - a potion of invisibility {unknown}
 x - 2 potions of heal wounds {unknown}
 A - 2 potions of brilliance {unknown}
 B - a potion of poison {unknown}


   Skills:
 + Level 5.2 Fighting
 * Level 7.8 Staves
 - Level 1.7 Throwing
 + Level 3.3 Armour
 + Level 5.0 Dodging
 * Level 0.0 Invocations


You had 8 spell levels left.
You didn't know any spells.

Dungeon Overview and Level Annotations

Branches:
Dungeon (6/15)
 Temple: D:4-7

Altars:
Fedhas
Makhleb

Shops:
D:4 *


Innate Abilities, Weirdness & Mutations

You have razor-sharp teeth.
You heal very quickly.
When hurt, damage is shared between your health and your magic reserves.
Your bite disrupts and absorbs the magic of your enemies.
Potions and wands cannot restore your health.
You are immune to rotting.


Message History

You hit the orc warrior but do no damage.
You bite the orc warrior, but do no damage.
The orc warrior is almost dead.
The orc priest invokes the aid of Beogh against you.
Something smites you!
* * * LOW HITPOINT WARNING * * *
The orc warrior hits you with a glaive!!
* * * LOW HITPOINT WARNING * * *
Drink which item? (? for menu, Esc to quit)
You feel very mighty all of a sudden.
It was a potion of might.
Drink which item? (? for menu, Esc to quit)
Okay, then.
Read which item? (? for menu, Esc to quit)
Okay, then.
Drink which item? (? for menu, Esc to quit)
You feel very buoyant.
You fly up into the air.
It was a potion of flight.
The orc warrior hits you with a glaive!
You die...

### #.###############
#................
#.############### #.#
#........ #.# #.#######
#.# #.#......
#######.#######.#.#####
#..ooo@......##.#.#
#.######.###.#..#.# .#
#[#.##.# .#
#.#.##.##### .#
#.#.##.#.... .#
#.#....#.### .#
#.######.# # .
#.#......###
#.##.######<


You could see an orc warrior, an orc priest and an orc.

Vanquished Creatures
  Pikel (D:5)
  Prince Ribbit (D:4)
  A sky beast (D:5)
  2 slaves
  An ogre (D:4)
  A phantom (D:5)
  5 big kobolds (Sewer)
  A scorpion (D:4)
  A crimson imp (D:5)
  A goliath beetle (D:5)
  2 hounds
  Natasha (twice) (D:3)
  3 orc wizards
  5 worker ants
  Terence (D:3)
  10 adders
  3 gnolls (D:4)
  A green rat (Sewer)
  A shadow imp (D:5)
  5 giant mites
  3 worms
  An adder skeleton (D:3)
  7 giant geckos
  7 oozes
  10 orcs
  6 ball pythons
  15 bats
  5 giant cockroaches
  7 goblins
  9 hobgoblins
  8 jackals
  18 kobolds
  2 quokkas
  4 giant newts
  2 kobold zombies (D:5)
  17 rats
  2 rat skeletons (D:5)
  A rat zombie (D:5)
172 creatures vanquished.

Notes
Turn   | Place    | Note
--------------------------------------------------------------
     0 | D:1      | Ratboiler, the Vine Stalker Gladiator, began the quest for the Orb.
     0 | D:1      | Reached XP level 1. HP: 11/11 MP: 1/1
    51 | D:1      | Reached skill level 3 in Staves
    51 | D:1      | Reached XP level 2. HP: 15/15 MP: 3/3
   135 | D:1      | Reached XP level 3. HP: 15/18 MP: 4/4
   579 | D:2      | Reached XP level 4. HP: 21/23 MP: 5/5
  1067 | D:3      | Noticed Terence
  1190 | D:3      | Found a burning altar of Makhleb.
  1200 | D:3      | Became a worshipper of Makhleb the Destroyer
  1255 | D:3      | Reached skill level 4 in Staves
  1258 | D:3      | Reached XP level 5. HP: 24/28 MP: 7/7
  1399 | D:3      | Killed Terence
  1425 | D:3      | Noticed Natasha
  1438 | D:3      | Killed Natasha
  1521 | D:3      | Noticed Natasha
  1527 | D:3      | Killed Natasha
  1563 | D:3      | Acquired Makhleb's first power
  1758 | D:4      | Gained mutation: You heal very quickly. [vine stalker growth]
  1758 | D:4      | Reached XP level 6. HP: 19/32 MP: 4/8
  1883 | D:4      | Noticed Prince Ribbit
  1914 | D:4      | Killed Prince Ribbit
  1914 | D:4      | Reached skill level 5 in Staves
  1914 | D:4      | Reached XP level 7. HP: 31/37 MP: 7/9
  1958 | D:4      | Found Kleug's Assorted Antiques.
  1962 | D:4      | Bought a runed helmet for 81 gold pieces
  2522 | D:4      | Reached skill level 1 in Armour
  2743 | D:4      | Reached skill level 6 in Staves
  2798 | D:4      | Acquired Makhleb's second power
  2800 | D:4      | Bought a glowing blowgun for 45 gold pieces
  2814 | D:5      | Entered Level 5 of the Dungeon
  2847 | D:5      | Noticed Pikel
  3041 | D:5      | Gained mutation: You have razor-sharp teeth. [vine stalker growth]
  3041 | D:5      | Reached XP level 8. HP: 40/42 MP: 11/11
  3174 | D:5      | Found a glowing drain.
  3204 | Sewer    | Entered a sewer
  3238 | Sewer    | Acquired Makhleb's third power
  3735 | Sewer    | Reached skill level 7 in Staves
  3886 | D:5      | Acquired Makhleb's fourth power
  4018 | D:5      | Found a blossoming altar of Fedhas.
  4264 | D:5      | Killed Pikel
  4264 | D:5      | Reached skill level 5 in Fighting
  4264 | D:5      | Reached skill level 5 in Dodging
  4264 | D:5      | Reached XP level 9. HP: 44/47 MP: 10/12
  4508 | D:6      | HP: 1/47 [orc warrior/glaive (13)]
  4510 | D:6      | Mangled by an orc warrior

Action                   |  1- 3 |  4- 6 |  7- 9 || total
-------------------------+-------+-------+-------++-------
Melee: Quarterstaff      |    90 |   151 |    13 ||   254
       Whip              |       |       |   328 ||   328
 Fire: Blowgun           |       |       |     5 ||     5
Evoke: Wand              |       |     5 |       ||     5
  Use: Potion            |       |       |     2 ||     2
 Stab: Sleeping          |     1 |       |       ||     1
  Eat: Chunk             |       |     3 |     9 ||    12
